Map: Lost and Found LE

Players

RandomTactic - Winner!

  • Race: Zerg Zerg
  • League: Master
  • Spawn Location: 7:00

FLORENCIO

  • Race: Protoss Protoss
  • League: Master
  • Spawn Location: 1:00

VOD

Have the link to the VOD?

Description

Time

  • Played on: June 24, 2018, 12:15 a.m.
  • Length: 12:03
Show
View Real Time Build Order
Export as new Build Order

RandomTactic Zerg - Winner!

Build Orders: Pool First, Swarm Host 

Get SALT Encoding   

  12  0:02  Drone  
  13  0:14  Overlord  
  13  0:17  Drone  
  14  0:25  Extractor  
  14  0:26  Drone  
  15  0:33  Drone  
  16  0:37  Drone  
  17  0:48  Drone  
  18  0:50  Spawning Pool  
  17  0:58  Drone  
  18  1:09  Drone  
  19  1:17  Hatchery  
  18  1:19  Drone  
  18  1:22  Extractor  
  18  1:32  Drone  
  19  1:45  Hatchery  
  19  1:47  Drone  
  19  1:52  Drone  
  20  1:57  Extractor  
  19  2:02  Queen  
  21  2:10  Drone  
  23  2:30  Drone x3  
  25  2:38  Pneumatized Carapace  
  25  2:40  Baneling Nest  
  24  2:45  Drone x2  
  26  2:59  Zergling x8  
  29  3:13  Spine Crawler  
  29  3:21  Lair  
  29  3:29  Spine Crawler  
  29  3:30  Spine Crawler  
  29  3:32  Drone  
  28  3:36  Overlord  
  28  3:54  Queen  
  30  4:17  Drone  
  30  4:19  Infestation Pit  
  30  4:29  Queen  
  32  4:33  Queen  
  34  4:38  Drone  
  34  4:40  Spore Crawler  
  34  4:51  Overlord  
  34  4:52  Overlord x2  
  34  5:13  Swarm Host x5  
  46  5:14  Swarm Host  
  52  5:25  Swarm Host  
  52  5:27  Swarm Host  
  58  5:38  Overlord  
  57  5:58  Swarm Host x3  
  65  6:09  Queen  
  67  6:16  Zergling x2  
  68  6:46  Overlord x2  
  68  7:00  Overlord x2  
  68  7:04  Queen  
  69  7:22  Swarm Host  
  69  7:23  Swarm Host x5  
  86  7:54  Hatchery  
  85  8:06  Drone  
  85  8:07  Drone x5  
  91  8:22  Nydus Network  
  91  8:27  Overlord  
  88  8:42  Drone  
  88  8:43  Drone x3  
  92  8:54  Queen  
  94  9:00  Zergling x6  
  97  9:08  Hydralisk Den  
  96  9:11  Nydus Canal  
  96  9:15  Spore Crawler  
  95  9:22  Queen  
  94  9:55  Hydralisk x2  
  98  10:05  Hydralisk  
  98  10:06  Overlord x3  
  98  10:08  Extractor  
  98  10:10  Extractor  
  96  10:18  Hatchery  
  95  10:21  Hydralisk  
  95  10:23  Zergling x2  
  96  10:37  Drone  
  96  10:38  Drone x5  
  96  10:40  Nydus Canal, Hydralisk  
  96  10:42  Hydralisk  
  106  10:49  Muscular Augments  
  106  10:58  Hydralisk x2  
  110  11:06  Hydralisk x2  
  114  11:16  Nydus Canal  
  114  11:17  Hydralisk  
  113  11:19  Drone  
  113  11:20  Drone  
  115  11:42  Nydus Canal  
Show
View Real Time Build Order
Export as new Build Order

FLORENCIO Protoss 

Build Orders:  

Get SALT Encoding   

  12  0:01  Probe  
  13  0:13  Probe  
  14  0:22  Pylon  
  14  0:25  Probe  
  15  0:40  Probe  
  16  0:52  Probe, Gateway  
  17  1:01  Forge  
  17  1:07  Pylon  
  17  1:30  Probe  
  18  1:35  Gateway  
  18  1:42  Photon Cannon  
  18  1:47  Photon Cannon  
  18  1:50  Pylon  
  18  1:55  Probe  
  18  1:57  Assimilator  
  19  2:10  Photon Cannon  
  19  2:13  Photon Cannon  
  19  2:17  Photon Cannon  
  19  2:21  Probe  
  20  2:33  Zealot  
  22  2:40  Probe  
  22  2:42  Assimilator  
  22  2:45  Cybernetics Core  
  23  2:56  Probe  
  23  3:08  Pylon  
  23  3:16  Photon Cannon  
  23  3:19  Probe  
  24  3:27  Robotics Facility  
  24  3:31  Probe  
  25  3:36  Photon Cannon  
  25  3:47  Adept  
  25  3:54  Probe  
  26  4:09  Photon Cannon  
  30  4:17  Immortal  
  30  4:33  Probe, Robotics Bay  
  31  4:45  Shield Battery  
  31  4:54  Shield Battery  
  31  5:10  Observer  
  35  5:44  Nexus  
  35  5:45  Pylon  
  35  6:11  Stargate  
  35  6:14  Disruptor  
  35  6:21  Adept  
  35  6:29  Pylon  
  35  6:31  Pylon  
  35  6:41  Disruptor  
  38  7:02  Probe  
  38  7:04  Void Ray  
  42  7:14  Probe, Stalker  
  35  7:46  Void Ray  
  35  7:47  Stargate  
  35  7:49  Assimilator  
  37  7:54  Assimilator  
  37  7:56  Pylon  
  37  8:00  Pylon  
  37  8:23  Probe  
  38  8:27  Stargate  
  38  8:29  Void Ray  
  38  8:33  Probe  
  43  8:41  Probe  
  43  8:43  Observer  
  44  9:21  Void Ray x2  
  35  10:04  Void Ray x2  
  35  10:10  Pylon  
  35  10:12  Photon Cannon  
  43  10:14  Photon Cannon  
  43  10:15  Photon Cannon  
  43  10:18  Pylon  
  27  11:16  Void Ray  
Tags
 
Composition
Swarm Host
Matchup
PvZ
Opening
Pool First
Spawn Locations
Cross Positions
Add a new tag
Caveats
  • Supply blocks, unpowered buildings, or Contaminate may cause inaccurate times.
  • Supply counts are checked every 10 seconds.